 Dungeon Crawl Stone Soup version 0.30-a0-760-g5a9884bb7c (webtiles) character file.

Game seed: 2805468879356821171

129257 cheesebisquit the Executioner (level 16, -12/155 HPs)
             Began as a Minotaur Fighter on Feb 10, 2023.
             Was a Plaything of Xom.
             Mangled by a naga
             ... wielding a +0 halberd
              (34 damage)
             ... on level 2 of the Snake Pit on Feb 11, 2023.
             The game lasted 01:48:13 (25212 turns).

cheesebisquit the Executioner (Minotaur Fighter)   Turns: 25212, Time: 01:48:14

Health: -12/155    AC: 29    Str: 33    XL:     16   Next: 50%
Magic:  15/15      EV:  7    Int:  5    God:    Xom [.*....]
Gold:   1860       SH: 17    Dex: 16    Spells: 15/15 levels left

rFire   + . .      SeeInvis .    F - +1 broad axe (flame)
rCold   + . .      Faith    .    p - +0 kite shield
rNeg    . . .      Spirit   .    P - +0 gold dragon scales
rPois   +          Reflect  +    (helmet unavailable)
rElec   +          Harm     .    c - +2 cloak
rCorr   .          Rampage  .    S - +1 pair of gloves
Will    +++..                    X - +0 pair of boots Stlth
                                 Z - amulet of reflection
HPRegen 0.45/turn                y - ring of Xiduasi {rElec Will+ Dex+4}
MPRegen 0.14/turn                N - +6 ring of strength

@: no status effects
A: horns 3, retaliatory headbutt, strong-willed 1, sense surroundings 1, wild
magic 1, no potion heal 1, MP-powered wands, noise suppression
a: Renounce Religion


You were on level 2 of the Snake Pit.
You worshipped Xom.
You were a plaything of Xom.
You visited 5 branches of the dungeon, and saw 25 of its levels.
You also visited: Sewer, Ossuary, Ice Cave and Volcano.

You collected 2732 gold pieces.
You spent 872 gold pieces at shops.

Inventory:

Hand Weapons
 a - a +4 war axe
 v - a +4 arbalest of flaming
 F - a +1 broad axe of flaming (weapon)
Missiles
 o - 49 poisoned darts (quivered)
 J - 2 curare-tipped darts
 M - 7 throwing nets
 Q - 2 silver boomerangs
Armour
 c - a +2 cloak (worn)
 p - a +0 kite shield (worn)
 u - a +10 plate armour of ponderousness
 P - +0 gold dragon scales (worn)
 S - a +1 pair of gloves (worn)
 X - a +0 pair of boots (worn)
Jewellery
 t - a ring of protection from cold
 y - the ring of Xiduasi (left hand) {rElec Will+ Dex+4}
   (You acquired it on level 15 of the Dungeon)

   [ring of willpower]

   Dex:       It affects your dexterity (+4).
   rElec:     It insulates you from electricity.
   Will:      It increases your willpower.
 N - a +6 ring of strength (right hand)
 T - a +5 ring of evasion
 W - a ring of positive energy
 Y - a ring of fire
 Z - an amulet of reflection (around neck)
Wands
 j - a wand of flame (23)
 q - a wand of acid (35)
 s - a wand of digging (20)
 D - a wand of charming (20)
 R - a wand of polymorph (14)
 V - a wand of iceblast (22)
Scrolls
 d - a scroll of summoning
 g - 6 scrolls of magic mapping
 h - 2 scrolls of torment
 i - 7 scrolls of poison
 r - 2 scrolls of fear
 x - 2 scrolls of brand weapon
 A - 7 scrolls of blinking
 B - 14 scrolls of teleportation
 C - 2 scrolls of vulnerability
 E - a scroll of amnesia
 G - a scroll of fog
 K - a scroll of silence
 L - 4 scrolls of immolation
Potions
 b - a potion of berserk rage
 e - 7 potions of attraction
 f - 4 potions of resistance
 k - 19 potions of curing
 l - 4 potions of brilliance
 m - 4 potions of invisibility
 n - 5 potions of magic
 w - 2 potions of might
 z - 3 potions of heal wounds
 H - 2 potions of flight
 I - 8 potions of lignification
 O - a potion of haste
 U - a potion of ambrosia


   Skills:
 * Level 17.5 Fighting
 + Level 23.3 Axes
 + Level 17.4 Armour
 * Level 2.6 Dodging
 + Level 12.2 Shields


You had 15 spell levels left.
You didn't know any spells.
Your spell library contained the following spells:

 Spells                   Type           Power      Damage    Failure   Level
 Necrotise                Necr           0%         1d4       100%        1
 Cigotuvi's Dreadful Rot  Necr/Pois/Air  0%         N/A       100%        2
 Ensorcelled Hibernation  Hex/Ice        0%         N/A       100%        2
 Gell's Gravitas          Tloc           0%         N/A       100%        3
 Hailstorm                Conj/Ice       0%         3d3       100%        3
 Spider Form              Tmut/Pois      0%         N/A       100%        3
 Teleport Other           Tloc           0%         N/A       100%        3
 Vampiric Draining        Necr           0%         2d6       100%        3
 Airstrike                Air            0%         2d(0-16)  100%        4
 Anguish                  Hex/Necr       0%         N/A       100%        4
 Animate Dead             Necr           0%         N/A       100%        4
 Dispel Undead            Necr           0%         3d6       100%        4
 Ice Form                 Ice/Tmut       0%         N/A       100%        4
 Summon Lightning Spire   Summ/Air       0%         N/A       100%        4
 Agony                    Necr           0%         N/A       100%        5
 Borgnjor's Vile Clutch   Necr/Erth      0%         N/A       100%        5
 Lightning Bolt           Conj/Air       0%         1d11      100%        5
 Death Channel            Necr           0%         N/A       100%        6
 Dispersal                Tloc           0%         N/A       100%        6
 Simulacrum               Ice/Necr       0%         N/A       100%        6


Dungeon Overview and Level Annotations

Branches:
Dungeon (15/15)            Temple (1/1) D:6            Lair (5/5) D:8
 Shoals (0/4) Lair:2        Snake (2/4) Lair:2        Slime (0/5) Lair:4
    Orc (2/2) D:11            Elf (0/3) Orc:2        Vaults (0/5) D:14
 Depths (0/4) D:15          Sewer (visited)         Ossuary (visited)
  IceCv (visited)         Volcano (visited)

Altars:
Ashenzari
Cheibriados
Dithmenos
Elyvilon
Fedhas
Gozag
Hepliaklqana
Kikubaaqudgha
Makhleb
Nemelex Xobeh
Okawaru
Qazlal
Ru
Sif Muna
Trog
Uskayaw
Vehumet
Wu Jian
Xom
Yredelemnul
Zin
The Shining One
Jiyva
Lugonu

Shops:
D:7 (:(   Orc:2 *[([

Portals:
Abyss: Lair:5

Annotations:
D:4 2 transporters


Innate Abilities, Weirdness & Mutations

You have a pair of large horns on your head.
You reflexively headbutt those who attack you in melee.
You are strong-willed. (Will+)
You passively map a small area around you.
Your spells are a little harder to cast, but a little more powerful.
Potions are less effective at restoring your health.
You expend magic power (3 MP) to strengthen your wands.
You passively dampen the noise of your surroundings.


Message History

The naga warrior is heavily wounded.
You slash the naga! You burn the naga. You hit the salamander.
The naga warrior hits you from afar with a +0 trident!
The salamander hits you with a +0 halberd!
You are engulfed in flames.
You resist. You block the naga's attack. x3
The naga warrior barely misses you. You furiously retaliate!
You headbutt the naga warrior!! The naga warrior grabs you.
The naga warrior constricts you.
You slash the naga warrior! You burn the naga warrior.
You kill the naga warrior!
You slash the naga! You burn the naga.
You kill the naga!
You slash the salamander!
The naga warrior hits you from afar with a +0 trident!!
You slash the salamander! You headbutt the salamander!
The salamander is severely wounded.
The naga warrior hits you from afar with a +0 trident!
* * * LOW HITPOINT WARNING * * *
You block the salamander's attack.
You hear Xom's avuncular chuckle.
The naga seems to speed up.
You block the naga's attack. The naga warrior spits poison at you.
The splash of poison hits you but does no damage.
You resist.
The salamander hits you with a +0 halberd!
* * * LOW HITPOINT WARNING * * *
You are engulfed in flames.
You resist.
* * * LOW HITPOINT WARNING * * *
You slice the naga sharpshooter!! You burn the naga sharpshooter!
The naga sharpshooter is moderately wounded.
You closely miss the salamander. You slash the naga warrior!
You burn the naga warrior! You block the naga's attack.
The naga sharpshooter unwields a +0 trident.
The naga sharpshooter wields a +0 shortbow.
The naga sharpshooter casts a spell.
The naga sharpshooter magically shoots an arrow.
You reflect the arrow off an invisible shield around you!
The naga hits you from afar with a +0 halberd!!
You die...
Xom howls with laughter!

## #...........#
#.........[.#
#...........# ##+##
#...........# ....##
#...........# .....#
#...........# .....#
#...........# .....#
##N.........# ######
.....#
#.)@##......###.....
.....# *
#..NN.#[......#......
.....+ ,,
#....N................
.....#* *
#.....................
.....# ,
+.....................
.....#*
#.............^.......
.....#*
*##.......##+######....
.....+, ,#.......# *
#..... ....## * , ,
+.....


You could see a naga warrior (strong, catching breath, corona), a naga
sharpshooter (strong, corona), a salamander (strong) and a naga (fast, strong).

Vanquished Creatures
  Rupert (D:15)
  Kirke (D:12)
  The ghost of Ynonecli the Marksnaga, a journeyman NaHu of Hepliaklqana (D:14)
  Nessos (D:14)
  A great orb of eyes (shapeshifter) (D:14)
  A rakshasa (D:15)
  Erolcha (Orc:2)
  4 vault guards (D:14)
  7 hydras
  Harold (D:9)
  3 two-headed ogres
  2 anacondas (Snake:1)
  6 centaur warriors
  A death knight (D:15)
  2 boulder beetles
  5 naga warriors
  2 ironbound frosthearts (IceCv)
  5 tengu warriors
  9 death yaks
  2 large abominations (Lair:5)
  3 naga sharpshooters
  A shock serpent (Snake:2)
  4 thrashing horrors (Lair:5)
  A skyshark (Lair:5)
  A glowing orange brain (D:15)
  5 naga ritualists
  3 orc knights
  5 wizards (Volcano)
  2 phantasmal warriors (D:15)
  Pikel (D:5)
  An orc sorcerer (Orc:2)
  4 mana vipers
  2 deep elf pyromancers
  A wolf spider (Lair:4)
  2 cyclopes
  2 manticores
  A salamander (Snake:1)
  18 ugly things
  25 black mambas
  5 toenail golems (Volcano)
  A merfolk siren (Lair:2)
  A torpor snail (Lair:5)
  The ghost of SpyderV the Chopper, a novice MiFi (D:4)
  An ice statue (IceCv)
  A water nymph (shapeshifter) (D:9)
  2 smoke demons (Lair:5)
  2 gargoyles
  2 naga magi (Snake:1)
  14 cane toads
  A rime drake (IceCv)
  A cane toad (shapeshifter) (D:13)
  2 kobold demonologists
  A yaktaur (shapeshifter) (D:14)
  2 efreet
  5 komodo dragons
  2 tengu conjurers (D:13)
  2 ancient zymes (Lair:5)
  A wandering mushroom (Lair:4)
  2 burning bushes (Lair:4)
  6 trolls
  A merfolk (Snake:1)
  A meliai (D:14)
  12 polar bears
  34 blink frogs
  7 dream sheep
  A tarantella (D:10)
  Prince Ribbit (D:9)
  17 slime creatures
  A shadow (D:13)
  3 ynoxinuls (Lair:5)
  Sigmund (D:2)
  3 wraiths
  80 yaks
  4 wyverns
  2 chaos spawn (Lair:5)
  A human (shapeshifter) (D:13)
  Eustachio (D:5)
  Grum (D:8)
  7 basilisks
  5 hogs (D:12)
  9 nagas
  An acid dragon (D:10)
  9 small abominations (Lair:5)
  17 water moccasins
  A floating eye (shapeshifter) (D:15)
  Duvessa (D:5)
  40 orc warriors
  Pargi (Sewer)
  A meliai simulacrum (D:14)
  2 ice beasts
  A black bear (Lair:1)
  5 ogres
  34 wolves
  A lemure (D:5)
  26 centaurs
  A phantom (D:4)
  2 kobold brigands
  10 bullfrogs
  A necrophage (D:6)
  A gnoll sergeant (D:8)
  3 scorpions
  16 wights
  Dowan (D:5)
  4 killer bees
  An electric eel (Lair:5)
  Crazy Yiuf (D:2)
  7 jellies
  16 orc priests
  6 hounds
  Jessica (D:3)
  Ijyb (D:3)
  6 iguanas
  18 orc wizards
  7 hell rats (Lair:5)
  12 mummies (Ossuary)
  Robin (D:3)
  9 gnolls
  5 adders
  A river rat (D:4)
  3 shadow imps (D:6)
  3 white imps
  An ufetubus (D:5)
  2 worms
  2 dart slugs
  94 orcs
  5 ball pythons
  5 endoplasms
  7 giant cockroaches
  11 goblins
  5 hobgoblins
  2 jackals (D:5)
  2 quokkas
  5 bats
  7 frilled lizards
  4 gnoll skeletons (Ossuary)
  A goblin skeleton (Ossuary)
  13 kobolds
  3 kobold skeletons (Ossuary)
  5 rats
  11 rat skeletons (Ossuary)
847 creatures vanquished.

Vanquished Creatures (collateral kills)
  A dancing weapon (Volcano)
  A blink frog (Lair:3)
2 creatures vanquished.

Vanquished Creatures (others)
  33 fungi
  42 plants
75 creatures vanquished.

Grand Total: 924 creatures vanquished

Notes
Turn   | Place    | Note
-------+----------+-------------------------------------------
     0 | D:1      | cheesebisquit the Minotaur Fighter began the quest for the
                  | Orb.
     0 | D:1      | Reached XP level 1. HP: 19/19 MP: 0/0
   443 | D:1      | Reached XP level 2. HP: 27/27 MP: 1/1
   475 | D:1      | Reached skill level 3 in Axes
   728 | D:2      | Noticed Sigmund
   745 | D:2      | Killed Sigmund
   746 | D:2      | Reached skill level 4 in Axes
   746 | D:2      | Reached XP level 3. HP: 5/34 MP: 2/2
   746 | D:2      | Reached XP level 4. HP: 7/41 MP: 3/3
   746 | D:2      | Reached XP level 5. HP: 8/47 MP: 4/4
  1065 | D:2      | Found a runed translucent door.
  1066 | D:2      | Noticed Crazy Yiuf
  1669 | D:2      | Killed Crazy Yiuf
  1788 | D:3      | Noticed Robin
  1804 | D:3      | Killed Robin
  1805 | D:3      | Reached skill level 5 in Axes
  2005 | D:3      | Found Jelismeo's Distillery.
  2011 | D:3      | Bought a potion of heal wounds for 55 gold pieces
  2011 | D:3      | Bought a potion of curing for 33 gold pieces
  2052 | D:3      | Noticed Ijyb
  2059 | D:3      | Killed Ijyb
  2060 | D:3      | Reached skill level 5 in Armour
  2060 | D:3      | Reached XP level 6. HP: 55/55 MP: 5/5
  2318 | D:3      | Noticed Jessica
  2325 | D:3      | Killed Jessica
  2648 | D:4      | Found a transporter.
  2682 | D:4      | Found a runed translucent door.
  2687 | D:4      | Noticed SpyderV's ghost (novice MiFi)
  2695 | D:4      | Reached skill level 5 in Fighting
  2695 | D:4      | Reached skill level 5 in Shields
  2714 | D:4      | Killed SpyderV's ghost
  2715 | D:4      | Reached skill level 6 in Axes
  2715 | D:4      | Reached XP level 7. HP: 51/61 MP: 6/6
  2804 | D:4      | Reached skill level 7 in Axes
  2837 | D:4      | Found a glowing drain.
  2846 | Sewer    | Entered a sewer
  2937 | Sewer    | Noticed Pargi
  2944 | Sewer    | Killed Pargi
  3199 | D:4      | Found a shadowy altar of Dithmenos.
  3232 | D:4      | Found a transporter.
  3395 | D:4      | Reached XP level 8. HP: 69/70 MP: 7/7
  3609 | D:5      | Entered Level 5 of the Dungeon
  3818 | D:5      | Reached skill level 8 in Axes
  4013 | D:3      | Bought a potion of cancellation for 88 gold pieces
  4264 | D:5      | Found a blossoming altar of Fedhas.
  4264 | D:5      | Found a faded altar of an unknown god.
  4272 | D:5      | Found a burning altar of Makhleb.
  4274 | D:5      | Found a sparkling altar of Nemelex Xobeh.
  4276 | D:5      | Found a shimmering blue altar of Sif Muna.
  4364 | D:5      | Noticed Pikel
  4386 | D:5      | Killed Pikel
  4542 | D:5      | Noticed Duvessa
  4543 | D:5      | Noticed Dowan
  4546 | D:5      | Killed Dowan
  4547 | D:5      | Reached skill level 9 in Axes
  4555 | D:5      | Killed Duvessa
  4648 | D:5      | Noticed Eustachio
  4663 | D:5      | Killed Eustachio
  4664 | D:5      | Reached XP level 9. HP: 74/77 MP: 8/8
  4769 | D:6      | Found a staircase to the Ecumenical Temple.
  4791 | Temple   | Entered the Ecumenical Temple
  4936 | Temple   | Became a worshipper of Xom of Chaos
  5124 | D:6      | XOM: silly message
  5134 | D:6      | XOM: god gift: 6 stones
  5707 | D:7      | Reached skill level 10 in Axes
  5730 | D:7      | XOM is BORED!
  5730 | D:7      | XOM: enchant monster (bad)
  5739 | D:7      | Found Qituppy's Book Boutique.
  5921 | D:7      | Found Yvud's Weapon Boutique.
  5958 | D:7      | Bought a throwing net for 33 gold pieces
  5958 | D:7      | Bought 4 poisoned darts for 26 gold pieces
  5958 | D:7      | Bought 2 throwing nets for 66 gold pieces
  6114 | D:7      | Found Xecuqagh's Antique Weapon Emporium.
  6184 | D:7      | Found a snail-covered altar of Cheibriados.
  6252 | D:7      | XOM: silly message
  6373 | D:7      | XOM: divination: detect items
  6521 | D:7      | XOM: cloud trail
  6639 | D:7      | Found a hazy altar of Hepliaklqana.
  6853 | D:7      | XOM: divination: magic mapping
  6982 | D:8      | Noticed a two-headed ogre
  6988 | D:8      | XOM: noise
  6991 | D:8      | Killed a two-headed ogre
  6992 | D:8      | Reached skill level 11 in Axes
  6992 | D:8      | Reached XP level 10. HP: 69/90 MP: 9/9
  7069 | D:8      | XOM: cleaving
  7154 | D:8      | Noticed Maggie
  7157 | D:8      | Maggie changed into Maggie the ice beast
  7157 | D:8      | Noticed Maggie
  7157 | D:8      | XOM: polymorph Maggie -> Maggie the ice beast
  7164 | D:8      | Killed Maggie the ice beast
  7211 | D:8      | XOM: 1-stop teleportation journey
  7276 | D:8      | Found a sand-covered staircase.
  7282 | Ossuary  | Entered an ossuary
  7343 | Ossuary  | XOM: enchant monster (bad)
  7344 | Ossuary  | XOM: 1-stop teleportation journey
  7571 | Ossuary  | XOM is BORED!
  7571 | Ossuary  | XOM: summons 1 hostile demon
  7584 | Ossuary  | XOM: 7-stop teleportation journey
  7616 | Ossuary  | XOM: god gift: broad axe {god gift}
  7758 | D:8      | Noticed Grum
  7762 | D:8      | XOM: scenery: summon butterflies
  7777 | D:8      | Killed Grum
  8007 | D:8      | Reached skill level 12 in Axes
  8196 | D:8      | Found a staircase to the Lair.
  8467 | D:9      | XOM: draining
  8468 | D:9      | XOM: 7-stop teleportation journey
  8547 | D:9      | XOM: divination: magic mapping
  8622 | D:9      | XOM: give mutation
  8622 | D:9      | Gained mutation: You are weak. (Str -2) [Xom's mischief]
  8798 | D:9      | Noticed Prince Ribbit
  8808 | D:9      | Killed Prince Ribbit
  8846 | D:9      | Noticed Harold
  8858 | D:9      | XOM: cleaving
  8862 | D:9      | Reached skill level 13 in Axes
  8862 | D:9      | Reached XP level 11. HP: 86/99 MP: 10/10
  8863 | D:9      | Killed Harold
  8864 | D:9      | Reached skill level 10 in Fighting
  8864 | D:9      | Reached skill level 10 in Armour
  8873 | D:9      | XOM: divination: magic mapping
  8874 | D:9      | Noticed a soul eater
  8881 | D:9      | Reached skill level 10 in Shields
  8888 | D:9      | XOM: 4-stop teleportation journey
  9240 | D:9      | an orc warrior changed into a glowing shapeshifter
  9240 | D:9      | Noticed a glowing shapeshifter (glowing shapeshifter)
  9240 | D:9      | XOM: polymorph orc warrior -> glowing shapeshifter
  9240 | D:9      | a glowing shapeshifter changed into a torpor snail
  9245 | D:9      | XOM: noise
  9252 | D:9      | an eye of devastation changed into a lindwurm
  9252 | D:9      | Noticed a lindwurm (glowing shapeshifter)
  9253 | D:9      | a lindwurm changed into a water nymph
  9572 | D:10     | Entered Level 10 of the Dungeon
 10044 | D:10     | XOM: polymorph yak -> tarantella
 10263 | D:10     | Found an opulent altar of Gozag.
 10266 | D:10     | Found a glowing golden altar of the Shining One.
 10294 | D:10     | Reached skill level 14 in Axes
 10302 | D:10     | XOM: divination: detect creatures
 10329 | D:10     | XOM: give mutations
 10329 | D:10     | Gained mutation: You are very weak. (Str -4) [Xom's
                  | mischief]
 10329 | D:10     | Gained mutation: You do not regenerate when monsters are
                  | visible. [Xom's mischief]
 10329 | D:10     | Gained mutation: You are frail. (-10% HP) [Xom's mischief]
 10441 | D:10     | Noticed a two-headed ogre
 10448 | D:10     | Killed a two-headed ogre
 10556 | D:10     | XOM: divination: detect items
 10877 | D:11     | XOM: 3-stop teleportation journey
 10878 | D:11     | You fall into a shaft and drop 2 floors!
 10890 | D:13     | Noticed a centaur warrior
 10899 | D:13     | XOM: noise
 10904 | D:13     | Killed a centaur warrior
 10905 | D:13     | Reached XP level 12. HP: 97/99 MP: 11/11
 10914 | D:13     | Reached skill level 15 in Axes
 11170 | D:11     | XOM: chaos upgrade
 11195 | D:11     | Found a staircase to the Orcish Mines.
 11547 | D:12     | XOM: 5-stop teleportation journey
 11552 | D:12     | XOM: blink monster(s)
 11559 | D:12     | Noticed Kirke
 11573 | D:12     | Killed Kirke
 11574 | D:12     | XOM: give mutations
 11574 | D:12     | Lost mutation: You do not regenerate when monsters are
                  | visible. [Xom's mischief]
 11574 | D:12     | Lost mutation: You are frail. (-10% HP) [Xom's mischief]
 11574 | D:12     | Gained mutation: You are clumsy. (Dex -2) [Xom's mischief]
 11574 | D:12     | Gained mutation: You occasionally lose the ability to read
                  | scrolls when taking damage. [Xom's mischief]
 11745 | D:12     | XOM: give mutations
 11745 | D:12     | Gained mutation: You occasionally lose the ability to drink
                  | potions when taking damage. [Xom's mischief]
 11745 | D:12     | Lost mutation: You are clumsy. (Dex -2) [Xom's mischief]
 11745 | D:12     | Gained mutation: You have large cloven feet. [Xom's
                  | mischief]
 11745 | D:12     | Gained mutation: You are frail. (-10% HP) [Xom's mischief]
 11762 | D:12     | XOM: give mutation
 11762 | D:12     | Gained mutation: You sometimes lose the ability to drink
                  | potions when taking damage. [Xom's mischief]
 11780 | D:12     | XOM: chaos upgrade
 12055 | Lair:1   | Entered Level 1 of the Lair of Beasts
 12125 | Lair:1   | Reached skill level 16 in Axes
 12249 | Lair:1   | XOM: summons 1 hostile demon
 12258 | Lair:1   | XOM: swap monsters
 12262 | Lair:1   | XOM: divination: detect creatures
 12818 | Lair:2   | Noticed a seven-headed hydra
 12820 | Lair:2   | XOM: potion effect (might)
 12822 | Lair:2   | Killed a six-headed hydra
 12936 | Lair:2   | Found a staircase to the Snake Pit.
 12946 | Lair:2   | Reached XP level 13. HP: 94/107 MP: 12/12
 13038 | Lair:2   | XOM: divination: magic mapping
 13104 | Lair:2   | Found a staircase to the Shoals.
 13109 | Lair:2   | XOM: potion effect (might)
 13119 | Lair:2   | Reached skill level 17 in Axes
 13140 | Lair:2   | XOM: potion effect (might)
 13141 | Lair:2   | XOM: potion effect (invisibility)
 13562 | Lair:3   | XOM is BORED!
 13562 | Lair:3   | XOM: noise
 13568 | Lair:3   | XOM: cast spell 'Summon Mana Viper'
 13772 | Lair:3   | XOM: fog
 14010 | Lair:3   | XOM: cast spell 'Disjunction'
 14028 | Lair:3   | Reached skill level 18 in Axes
 14128 | Lair:3   | XOM is BORED!
 14128 | Lair:3   | XOM: summons 3 hostile shadow creatures
 14394 | Lair:3   | XOM: scenery: create altars
 14413 | Lair:3   | XOM: divination: detect creatures
 14478 | Lair:4   | Found a viscous altar of Jiyva.
 14557 | Lair:4   | XOM: scenery: 1 doors close
 14558 | Lair:4   | XOM: polymorph boulder beetle -> wolf spider
 14682 | Lair:4   | XOM: polymorph burning bush -> wandering mushroom
 14687 | Lair:4   | XOM: swap monsters
 14876 | Lair:4   | XOM: 3-stop teleportation journey
 14915 | Lair:4   | XOM: cloud trail
 14979 | Lair:4   | Found a staircase to the Slime Pits.
 15056 | Lair:5   | Entered Level 5 of the Lair of Beasts
 15063 | Lair:5   | XOM: summons 13 friendly demons
 15135 | Lair:5   | XOM: 3-stop teleportation journey
 15180 | Lair:5   | Reached XP level 14. HP: 118/118 MP: 13/13
 15223 | Lair:5   | XOM: confuse monster(s)
 15283 | Lair:5   | Reached skill level 19 in Axes
 15301 | Lair:5   | XOM: summons 2 friendly demons
 15623 | Lair:5   | XOM: enchant monster (good)
 15904 | Lair:5   | XOM: 3-stop teleportation journey
 15936 | Lair:5   | XOM: fog
 15946 | Lair:5   | XOM: noise
 16168 | Lair:5   | XOM: divination: detect items
 16210 | Lair:5   | XOM: god gift: morningstar {god gift}
 16235 | Lair:5   | XOM: give mutation
 16235 | Lair:5   | Lost mutation: You are frail. (-10% HP) [Xom's grace]
 16255 | Lair:5   | XOM: scenery: summon butterflies
 16609 | Lair:5   | XOM: give mutations
 16609 | Lair:5   | Gained mutation: Your flesh is cold resistant. (rC+) [Xom's
                  | grace]
 16609 | Lair:5   | Gained mutation: You are partially covered in iridescent
                  | scales. (AC +2) [Xom's grace]
 16609 | Lair:5   | Gained mutation: Your flesh is heat resistant. (rF+) [Xom's
                  | grace]
 16610 | Lair:5   | Lost mutation: You have large cloven feet. [potion of
                  | mutation]
 16610 | Lair:5   | Lost mutation: Your flesh is heat resistant. (rF+) [potion
                  | of mutation]
 16610 | Lair:5   | Lost mutation: You are partially covered in iridescent
                  | scales. (AC +2) [potion of mutation]
 16610 | Lair:5   | Gained mutation: You are dopey. (Int -2) [potion of
                  | mutation]
 16610 | Lair:5   | Gained mutation: Your flesh is heat resistant. (rF+)
                  | [potion of mutation]
 16611 | Lair:5   | Lost mutation: You are dopey. (Int -2) [potion of mutation]
 16611 | Lair:5   | Lost mutation: Your flesh is heat resistant. (rF+) [potion
                  | of mutation]
 16611 | Lair:5   | Gained mutation: You are partially covered in large bone
                  | plates. (SH +4) [potion of mutation]
 16611 | Lair:5   | Lost mutation: You occasionally lose the ability to read
                  | scrolls when taking damage. [potion of mutation]
 16611 | Lair:5   | Gained mutation: You expend magic power (3 MP) to
                  | strengthen your wands. [potion of mutation]
 16612 | Lair:5   | Lost mutation: You sometimes lose the ability to drink
                  | potions when taking damage. [potion of mutation]
 16612 | Lair:5   | Lost mutation: You are partially covered in large bone
                  | plates. (SH +4) [potion of mutation]
 16612 | Lair:5   | Lost mutation: Your flesh is cold resistant. (rC+) [potion
                  | of mutation]
 16612 | Lair:5   | Gained mutation: You have a pair of large horns on your
                  | head. [potion of mutation]
 16612 | Lair:5   | Gained mutation: Potions are less effective at restoring
                  | your health. [potion of mutation]
 16613 | Lair:5   | Lost mutation: You have a pair of large horns on your head.
                  | [potion of mutation]
 16613 | Lair:5   | Lost mutation: You are very weak. (Str -4) [potion of
                  | mutation]
 16613 | Lair:5   | Lost mutation: You expend magic power (3 MP) to strengthen
                  | your wands. [potion of mutation]
 16614 | Lair:5   | Lost mutation: You occasionally lose the ability to drink
                  | potions when taking damage. [potion of mutation]
 16614 | Lair:5   | Lost mutation: You are weak. (Str -2) [potion of mutation]
 16614 | Lair:5   | Gained mutation: You occasionally shout uncontrollably at
                  | your foes. [potion of mutation]
 16614 | Lair:5   | Lost mutation: You occasionally shout uncontrollably at
                  | your foes. [potion of mutation]
 16614 | Lair:5   | Gained mutation: You passively map a small area around you.
                  | [potion of mutation]
 16771 | Lair:5   | Found a corrupted altar of Lugonu.
 16771 | Lair:5   | Found a one-way gate to the infinite horrors of the Abyss.
 16827 | Lair:5   | XOM: scenery: summon butterflies
 17337 | Orc:1    | Entered Level 1 of the Orcish Mines
 17377 | Orc:1    | Found a dark tunnel.
 17385 | Volcano  | Entered a volcano
 17415 | Volcano  | Reached skill level 20 in Axes
 17476 | Volcano  | XOM: summons 8 friendly demons
 17552 | Volcano  | Reached skill level 15 in Fighting
 17552 | Volcano  | Reached skill level 15 in Armour
 17980 | Orc:2    | Entered Level 2 of the Orcish Mines
 17980 | Orc:2    | Noticed Erolcha
 18007 | Orc:2    | Killed Erolcha
 18052 | Orc:2    | Found a frozen archway.
 18064 | IceCv    | Entered an ice cave
 18151 | IceCv    | XOM: god gift: scroll of amnesia
 18457 | IceCv    | XOM: confuse monster(s)
 18555 | IceCv    | XOM: blink monster(s)
 18563 | IceCv    | XOM: enchant monster (good)
 18569 | IceCv    | XOM: cleaving
 18795 | IceCv    | XOM: potion effect (might)
 18808 | IceCv    | XOM: silly message
 18915 | IceCv    | XOM: divination: detect items
 18919 | IceCv    | Reached XP level 15. HP: 105/141 MP: 14/14
 18923 | IceCv    | XOM: potion effect (berserk rage)
 18931 | IceCv    | Reached skill level 21 in Axes
 19189 | Orc:2    | Found a staircase to the Elven Halls.
 19212 | Orc:2    | XOM: silly message
 19247 | Orc:2    | Found Xan Loer's Antique Armour Emporium.
 19247 | Orc:2    | Found Gaasuv's Weapon Shop.
 19300 | Orc:2    | Found Leuzatu's Antique Armour Boutique.
 19306 | Orc:2    | Found Qudipt's Assorted Antiques.
 19318 | Orc:2    | Bought a potion of curing for 72 gold pieces
 19318 | Orc:2    | Bought a scroll of blinking for 180 gold pieces
 20080 | D:13     | XOM: enchant monster (bad)
 20205 | D:13     | XOM: swap monsters
 20347 | D:13     | XOM: confusion
 20661 | D:13     | XOM: give mutations
 20661 | D:13     | Gained mutation: You are strong-willed. (Will+) [Xom's
                  | mischief]
 20661 | D:13     | Gained mutation: You are frail. (-10% HP) [Xom's mischief]
 20715 | D:14     | XOM: swap monsters
 20716 | D:14     | XOM: blink monster(s)
 20879 | D:14     | XOM: noise
 20889 | D:14     | XOM: cleaving
 20913 | D:14     | XOM: cast spell 'Summon Ice Beast'
 20915 | D:14     | Reached skill level 22 in Axes
 20917 | D:14     | XOM: 5-stop teleportation journey
 20935 | D:14     | Found a gate to the Vaults.
 21074 | D:14     | XOM: 3-stop teleportation journey
 21101 | D:14     | Noticed Nessos
 21115 | D:14     | Killed Nessos
 21288 | D:14     | Found a runed translucent door.
 21289 | D:14     | Noticed Ynonecli's ghost (journeyman NaHu)
 21434 | D:14     | XOM: summons 15 friendly demons
 21620 | D:14     | XOM: give mutations
 21620 | D:14     | Gained mutation: You expend magic power (3 MP) to
                  | strengthen your wands. [Xom's grace]
 21620 | D:14     | Gained mutation: You passively dampen the noise of your
                  | surroundings. [Xom's grace]
 21620 | D:14     | Gained mutation: You have a pair of large horns on your
                  | head. [Xom's grace]
 21620 | D:14     | Lost mutation: You are frail. (-10% HP) [Xom's grace]
 21694 | D:14     | Killed Ynonecli's ghost
 21751 | D:15     | Entered Level 15 of the Dungeon
 21767 | D:15     | XOM: polymorph cyan ugly thing -> red ugly thing
 21866 | D:15     | XOM: summons friendly shadow imp
 21880 | D:15     | Identified 2 scrolls of acquirement
 21882 | D:15     | Acquired a +6 ring of strength
 21887 | D:15     | Acquired a +1 broad axe of flaming
 21975 | D:15     | XOM: confuse monster(s)
 21989 | D:15     | Identified the +9 ring mail of Dishonour {-Tele Will+
                  | Regen+}
 22193 | D:3      | Bought a potion of heal wounds for 55 gold pieces
 22193 | D:3      | Bought a potion of haste for 110 gold pieces
 22193 | D:3      | Bought a potion of curing for 33 gold pieces
 22193 | D:3      | Bought a potion of flight for 33 gold pieces
 22193 | D:3      | Bought a potion of invisibility for 88 gold pieces
 22426 | D:15     | XOM: chaos cloud
 22427 | D:15     | Noticed Rupert
 22437 | D:15     | Killed Rupert
 22440 | D:15     | Reached XP level 16. HP: 106/154 MP: 15/15
 22593 | D:15     | XOM: confusion (+ monsters)
 22601 | D:15     | XOM: confuse monster(s)
 22605 | D:15     | XOM: noise
 22722 | D:15     | Acquired the ring of Xiduasi {rElec Will+ Dex+4}
 22944 | D:15     | XOM: potion effect (invisibility)
 22951 | D:15     | Found a staircase to the Depths.
 23041 | D:15     | XOM: cloud trail
 23211 | Snake:1  | Entered Level 1 of the Snake Pit
 23862 | Snake:1  | XOM: enchant monster (bad)
 23881 | Snake:1  | XOM: scenery: summon butterflies
 23886 | Snake:1  | Reached skill level 23 in Axes
 23978 | Snake:1  | XOM: give mutation
 23978 | Snake:1  | Gained mutation: Your spells are a little harder to cast,
                  | but a little more powerful. [Xom's grace]
 24066 | Snake:1  | XOM: polymorph naga sharpshooter -> merfolk
 24216 | Snake:1  | XOM: polymorph naga warrior -> anaconda
 24268 | Snake:1  | XOM: scenery: summon butterflies
 24298 | Snake:1  | XOM: 1-stop teleportation journey
 24795 | Snake:2  | XOM: potion effect (haste)
 24798 | Snake:2  | XOM: 3-stop teleportation journey
 24971 | Snake:2  | Reached skill level 1 in Dodging
 25150 | Snake:2  | XOM: confusion (+ monsters)
 25202 | Snake:2  | XOM: god gift: 447 gold pieces
 25207 | Snake:2  | XOM: fake destruction
 25211 | Snake:2  | XOM: enchant monster (bad)
 25212 | Snake:2  | Mangled by a naga

Illustrated notes

Levels and vault maps discovered:
D:1:      lightli_arrival_flooded_house, layout_basic, minmay_misc_feat_roman
D:2:      layout_basic, uniq_sigmund, uniq_crazy_yiuf_cottage
D:3:      layout_loops_ring, serial_shops, nicolae_shop_hallway_plus,
          corexii_leaking_fountain, uniq_jessica, uniq_robin, uniq_ijyb
D:4:      gammafunk_steamed_eel, layout_loops_ring,
          nicolae_dithmenos_through_a_glass_darkly, portal_sewer_entry_e,
          ebering_ghost_sewer_d
D:5:      layout_basic, chequers_temple_overflow_minitemple, uniq_pikel,
          uniq_eustachio, uniq_duvessa
D:6:      layout_loops_cross, minmay_temple_entry_junction_2,
          minmay_tree_intersection, kennysheep_flooded_box, serial_bayou_pond_b
D:7:      layout_layer_cave, worldfamousw_hep_ancestral_shrine,
          cheibrodos_worm_habitat, serial_shops, nicolae_shop_crystal,
          nicolae_shop_crystal, shop_statue
D:8:      layout_basic, grunt_lair_entry_orc_guard_hut, enter_ossuary_5,
          chequers_serial_rivers_marsh, kennysheep_donut, serial_bayou_pond_a,
          sword_in_stone, uniq_grum, uniq_maggie
D:9:      layout_gridville, corexii_checkpoint_b, uniq_harold,
          uniq_prince_ribbit1
D:10:     layout_basic, grunt_temple_overflow_open, kennysheep_generic_room_3
D:11:     layout_loops_corners, hiddenorc1_lemuel
D:12:     layout_rooms, uniq_kirke
D:13:     layout_roguey
D:14:     layout_cave_pools, lightli_vaults_fourway_checkpoint,
          hellmonk_bongcloud_opening, ebering_ghost_reflecting_pool, uniq_nessos
D:15:     gammafunk_enter_depths_forms, layout_long_grid, serial_rivers,
          chequers_serial_rivers_large_a, chequers_serial_rivers_small_a,
          chequers_serial_rivers_small_b, chequers_serial_rivers_small_b,
          st_stairs_12, uniq_rupert
Temple:   dshaligram_water_room_temple
Lair:1:   layout_cave_pods, lemuel_fruit_tree
Lair:2:   layout_hall_layers, minmay_shoals_entry_lonely_mermaid,
          minmay_snake_entry_six_corridors, serial_bayou_pond_a
Lair:3:   layout_long_grid, small_statue_intersection, nicolae_lair_lil_pond
Lair:4:   layout_regular_city, nicolae_slime_entry_slimehenge, evilmike_ambush
          [evilmike_ambush_outer_pillars, evilmike_ambush_inner_basic],
          grunt_megastairs_2
Lair:5:   hellmonk_lair_end_abyssal_woods, layout_regular_city,
          serial_bayou_lagoon_b
Snake:1:  layout_grid_maze, grunt_ministairs_3
Snake:2:  layout_gridlike, st_stairs_12
Orc:1:    layout_caves, lightli_volcano_entry_magma_tube
Orc:2:    st_orc_rangers, layout_caves, portal_ice_cave_entry_pillars_2,
          uniq_erolcha

Skill      XL: |  1  2  3  4  5  6  7  8  9 10 11 12 13 14 15 16 |
---------------+-------------------------------------------------+-----
Axes           | 4 5 6 7 9 11 13 14 16 18 20 22 23 | 23.3
Fighting       | 4 5 6 7 8 9 11 12 14 15 16 17 | 17.5
Armour         | 4 5 6 7 8 9 11 12 14 15 16 17 | 17.4
Shields        | 4 5 6 7 8 9 11 12 | 12.2
Dodging        | 2 |  2.6

Action                     |  1- 3 |  4- 6 |  7- 9 | 10-12 | 13-15 | 16-18 || total
---------------------------+-------+-------+-------+-------+-------+-------++-------
  Melee: War axe           |    38 |    82 |   291 |   539 |   974 |       ||  1924
         Headbutt          |     5 |    19 |    48 |   110 |   237 |    36 ||   455
         Kick              |       |       |       |    39 |   127 |       ||   166
         Broad axe         |       |       |       |       |    50 |   144 ||   194
  Throw: Dart              |       |     7 |    22 |    14 |    12 |       ||    55
    Use: Potion            |     1 |     2 |     5 |     1 |     8 |       ||    17
         Scroll            |       |     1 |    12 |    14 |     9 |     2 ||    38
   Stab: Confused          |       |       |       |     1 |     2 |     1 ||     4
         Invisible         |       |       |       |       |     8 |     5 ||    13
         Distracted        |       |       |       |       |     1 |       ||     1
         Petrified         |       |       |       |       |     1 |       ||     1
 Armour: Scale mail        |    19 |       |       |       |       |       ||    19
         Plate armour      |     2 |    45 |   175 |   183 |   389 |    10 ||   804
         Gold dragon scale |       |       |       |       |       |    44 ||    44
  Dodge: Dodged            |    19 |    17 |   102 |   239 |   474 |    18 ||   869
  Block: Buckler           |     9 |     2 |       |       |       |       ||    11
         Kite shield       |       |    25 |   155 |   311 |   817 |   103 ||  1411
         Reflection        |       |       |       |     1 |    91 |    17 ||   109

Table legend: (Time is in decaauts)
 A = Elapsed time spent in this place.
 B = Non-inter-level travel time spent in this place.
 C = Inter-level travel time spent in this place.
 D = Time resting spent in this place.
 E = Time spent auto-exploring this place.
 F = Levels seen in this place.
 G = Mean time per level.
                   A        B        C        D        E       F      G
               +--------+--------+--------+--------+--------+-----+--------+
         Total |  26613 |  24221 |   2392 |    748 |  18840 |  29 |  917.7 |
       Dungeon |  15767 |  14098 |   1669 |    283 |  11251 |  15 | 1051.1 |
        Temple |    170 |    162 |      8 |      0 |    110 |   1 |  170.0 |
          Lair |   5817 |   5210 |    607 |     11 |   4265 |   5 | 1163.4 |
     Snake Pit |   1639 |   1612 |     27 |    190 |   1156 |   2 |  819.5 |
  Orcish Mines |   1091 |   1012 |     79 |      3 |    677 |   2 |  545.5 |
         Sewer |    198 |    198 |      0 |      0 |    141 |   1 |  198.0 |
       Ossuary |    486 |    486 |      0 |     33 |    298 |   1 |  486.0 |
      Ice Cave |   1096 |   1096 |      0 |    228 |    665 |   1 | 1096.0 |
       Volcano |    346 |    346 |      0 |      0 |    275 |   1 |  346.0 |
               +--------+--------+--------+--------+--------+-----+--------+

Top non-repeatable levels by time:
  Lair:5: 2183 daAuts
     D:7: 1404 daAuts
     D:9: 1313 daAuts
     D:5: 1258 daAuts
    D:11: 1218 daAuts
     D:8: 1180 daAuts
    D:10: 1168 daAuts
    D:14: 1131 daAuts
 Snake:1: 1115 daAuts
   IceCv: 1096 daAuts
     D:2: 1045 daAuts
     D:3: 999 daAuts
    D:15: 987 daAuts
  Lair:4: 978 daAuts
  Lair:3: 939 daAuts
